 Dungeon Crawl Stone Soup version 0.29.1-15-g9cfb28693d (console) character file.

Game seed: 12542322528895405837

88 erker the Shooter (level 4, -1/39 HPs)
             Began as a Formicid Arcane Marksman on Apr 16, 2023.
             Slain by an adder (2 damage)
             ... on level 2 of the Dungeon.
             The game lasted 00:03:13 (971 turns).

erker the Shooter (Formicid Arcane Marksman)         Turns: 971, Time: 00:03:13

Health: -1/39      AC:  2    Str: 15    XL:     4   Next: 82%
Magic:  5/10       EV: 12    Int: 14    God:
Gold:   99         SH:  0    Dex: 14    Spells: 11/12 levels left

rFire   + . .      SeeInvis +   a - +1 sling
rCold   + . .      Faith    .   (no shield)
rNeg    . . .      Spirit   .   c - +0 robe
rPois   +          Reflect  .   (helmet unavailable)
rElec   +          Harm     .   (no cloak)
rCorr   +          Rampage  .   (no gloves)
Will    .....                   (no boots)
Stlth   +.........              (no amulet)
HPRegen 0.13/turn               (no ring)
MPRegen 0.12/turn               (no ring)

@: lethally poisoned (-1 -> -5), resistant, attractive
A: permanent stasis, dig shafts and tunnels, antennae 3, four strong arms
a: Dig, Shaft Self


You were on level 2 of the Dungeon.
You visited 1 branch of the dungeon, and saw 2 of its levels.

You collected 99 gold pieces.

Inventory:

Hand Weapons
 a - a +1 sling (weapon)
 j - a +0 mace
Armour
 c - a +0 robe (worn)
Scrolls
 b - a scroll of poison
 e - 2 scrolls of identify {unknown}
 f - a scroll of amnesia {unknown}
 k - a scroll of noise {unknown}
Potions
 i - a potion of berserk rage


   Skills:
 - Level 5.1 Fighting
 * Level 7.4 Ranged Weapons
 - Level 1.7 Dodging
 - Level 4.6 Spellcasting
 + Level 7.0 Hexes


You had 11 spell levels left.
You knew the following spells:

 Your Spells              Type           Power      Damage    Failure   Level
a - Slow                  Hex            92%        N/A       1%          1

Your spell library contained the following spells:

 Spells                   Type           Power      Damage    Failure   Level
 Cause Fear               Hex            11%        N/A       10%         4
 Inner Flame              Hex/Fire       13%        N/A       13%         3
 Portal Projectile        Hex/Tloc       26%        N/A       13%         3
 Stone Arrow              Conj/Erth      6%         3d7       50%         3
 Animate Armour           Summ/Erth      6%         N/A       88%         4
 Lehudib's Crystal Spear  Conj/Erth      1%         10d2      100%        8


Dungeon Overview and Level Annotations

Branches:
Dungeon (2/15)

Altars:


Innate Abilities, Weirdness & Mutations

You cannot be hasted, slowed, berserked, paralysed or teleported.
You can dig through walls and to a lower floor.
You have a pair of large antennae on your head. (SInv)
Your four strong arms can wield two-handed weapons with a shield.


Message History

The adder is severely wounded.
* * * LOW HITPOINT WARNING * * *
You feel sick.
You hear an angry hiss.
The adder bites you but does no damage.
Fire: a) +1 sling
Press: ? - help, Q - select action, (/) - cycle Shift-Dir - straight line, f/p - endoplasm
Aim: an endoplasm (moderately wounded, 87% to hit)
You shoot a sling bullet.
The sling bullet closely misses the adder.
The sling bullet barely misses the adder.
The sling bullet hits the endoplasm.
The endoplasm is heavily wounded.
* * * LOW HITPOINT WARNING * * *
You feel sick. The adder completely misses you.
Fire: a) +1 sling
Press: ? - help, Q - select action, (/) - cycle Shift-Dir - straight line, f/p - endoplasm
Aim: an endoplasm (heavily wounded, 87% to hit)
You shoot a sling bullet. The sling bullet misses the adder. x2
The sling bullet hits the endoplasm.
You kill the endoplasm!
* * * LOW HITPOINT WARNING * * *
You feel sick. The adder misses you. The adder bites you but does no damage.
Okay, then.
Unknown command.
Unknown command.
Unknown command.
Unknown command.
Unknown command.
Unknown command.
Fire: a) +1 sling
Press: ? - help, Q - select action, (/) - cycle Shift-Dir - straight line, f - adder
Aim: an adder (severely wounded, 46% to hit)
You shoot a sling bullet. The sling bullet misses the adder.
The sling bullet closely misses the adder.
* * * LOW HITPOINT WARNING * * *
You feel sick.
A ball python comes into view.
The adder bites you.
You die...

#..........# ##..#
#..........## ####..#### ###
#...........###......... .....
###.#######..##...)..... .....
..)# ##.##.........
.....###### #............
......)..### #>......)....
...........##########.........
##.##.#.##.SS@......######.###
.###.##.#.##Sg#######........#
......g..J##..# ##########
#.##.#.#.##..# ..S...†.#.....#
.##.#.#.#.##..# ..)#...##..#
... ..#.##..# ...). #.#.....#


You could see 2 adders, a goblin and a ball python.

Vanquished Creatures
  A worm (D:2)
  A dart slug (D:1)
  6 ball pythons
  5 bats
  4 endoplasms
  A giant cockroach (D:1)
  4 goblins
  2 hobgoblins (D:1)
  3 jackals (D:1)
  2 kobolds
  3 frilled lizards (D:1)
  2 rats
  A bush (D:1)
35 creatures vanquished.

Vanquished Creatures (others)
  3 plants (D:1)
3 creatures vanquished.

Grand Total: 38 creatures vanquished

Notes
Turn   | Place    | Note
-------+----------+-------------------------------------------
     0 | D:1      | erker the Formicid Arcane Marksman began the quest for the
                  | Orb.
     0 | D:1      | Reached XP level 1. HP: 15/15 MP: 2/2
    63 | D:1      | Reached XP level 2. HP: 21/21 MP: 3/3
   313 | D:1      | Reached XP level 3. HP: 25/26 MP: 4/4
   959 | D:2      | Reached skill level 5 in Fighting
   959 | D:2      | Reached XP level 4. HP: 11/39 MP: 4/10
   970 | D:2      | HP: 1/39 [poisoned by an adder]
   971 | D:2      | Slain by an adder

Illustrated notes

Levels and vault maps discovered:
D:1:      lemuel_arrival_behind_the_door_large, layout_basic, serial_forest,
          infiniplex_forest_end_3, infiniplex_forest_clump_C,
          infiniplex_forest_lined_room_2, infiniplex_forest_lined_corner,
          infiniplex_forest_clump_large, infiniplex_forest_lined_3_way
D:2:      layout_basic, ebering_ecumenical_altar_ruins, minmay_diced_spiral

Skill      XL: |  1  2  3 |
---------------+----------+-----
Hexes          | 4 7 |  7.0
Ranged Weapons | 7 |  7.4
Fighting       | 5 |  5.1
Spellcasting   | 4 |  4.6
Dodging        | |  1.7

Action                   |  1- 3 |  4- 6 || total
-------------------------+-------+-------++-------
Melee: Mace              |   110 |       ||   110
       Punch             |     4 |       ||     4
 Fire: Sling             |    97 |     8 ||   105
 Cast: Slow              |     2 |       ||     2
  Use: Potion            |     1 |     4 ||     5
Armor: Robe              |    10 |     2 ||    12
Dodge: Dodged            |    19 |    10 ||    29
